Map: Deathaura LE

Players

A.I. 1 (Elite)

  • Race: Terran Terran
  • Spawn Location: 11:00

cheetoss - Winner!

  • Race: Zerg Zerg
  • Spawn Location: 5:00

VOD

Have the link to the VOD?

Description

Time

  • Played on: Nov. 25, 2020, 11:38 a.m.
  • Length: 3:10
Show
View Real Time Build Order
Export as new Build Order

A.I. 1 (Elite) Terran 

Build Orders: Command Center First (CC) 

Get SALT Encoding   

  12  0:00  SCV  
  13  0:13  SCV  
  14  0:19  Supply Depot  
  14  0:25  SCV  
  15  0:41  SCV  
  16  0:53  SCV  
  17  1:05  SCV, Command Center  
  18  1:17  Barracks, SCV  
  19  1:43  Supply Depot  
  19  1:49  Refinery  
  19  1:51  SCV  
  20  2:03  Marine  
  20  2:05  Orbital Command  
  21  2:17  SCV  
  21  2:18  Refinery  
  21  2:19  Barracks  
  21  2:21  Marine  
  23  2:29  SCV  
  24  2:37  Supply Depot  
  24  2:39  SCV, Marine  
  24  2:53  SCV  
Show
View Real Time Build Order
Export as new Build Order

cheetoss Zerg - Winner!

Build Orders: Pool First 

Get SALT Encoding   

  12  0:00  Drone  
  13  0:08  Drone  
  14  0:28  Spawning Pool  
  13  0:52  Hatchery  
  13  0:56  Drone  
  13  1:00  Drone  
  13  1:03  Extractor  
  13  1:07  Drone  
  14  1:22  Roach Warren  
  13  1:29  Overlord  
  13  1:35  Drone  
  14  1:48  Drone x2  
  14  1:51  Drone  
  17  2:05  Queen  
  19  2:11  Roach  
  21  2:16  Drone  
  21  2:20  Roach  
  24  2:27  Roach  
  28  2:44  Overlord  
Tags
 
Add a new tag
Caveats
  • Supply blocks, unpowered buildings, or Contaminate may cause inaccurate times.
  • Supply counts are checked every 10 seconds.